 Dungeon Crawl Stone Soup version 0.17.1-3-g152610e (webtiles) character file.

7284 MrTails the Grappler (level 10, 0/159 (160) HPs)
             Began as a Troll Berserker on Feb 24, 2016.
             Was an Elder of Trog.
             Slain by an unseen horror (9 damage)
             ... on level 10 of the Dungeon.
             The game lasted 00:24:37 (7976 turns).

MrTails the Grappler (Troll Berserker)              Turns: 7976, Time: 00:24:37

HP:   0/159 (160)   AC:  8    Str: 35    XL:     10   Next: 89%
MP:   9/9           EV: 10    Int:  3    God:    Trog [****..]
Gold: 265           SH:  0    Dex:  9    Spells: 0 memorised, 9 levels left

rFire  . . .     SeeInvis .       - Unarmed
rCold  . . .     Clarity  .     (armour restricted)
rNeg   . . .     SustAt   .     (no shield)
rPois  +         Gourm    +     (helmet restricted)
rElec  .         Spirit   .     y - +0 cloak {MR+}
rCorr  +         Warding  .     (gloves unavailable)
rMut   .         Stasis   .     (boots unavailable)
MR     +....                    p - amulet of resist corrosion
Stlth  ..........               s - ring of poison resistance
                                q - +4 ring of protection

@: berserking, very quick, somewhat resistant to hostile enchantments, extremely
unstealthy
A: unfitting armour, claws 3, fast metabolism 3, gourmand, regeneration 2,
shaggy fur 1, tough skin 2
a: Berserk, Trog's Hand, Brothers in Arms, Burn Spellbooks, Renounce Religion


You were on level 10 of the Dungeon.
You worshipped Trog.
Trog was greatly pleased with you.
You were not hungry.

You visited 1 branch of the dungeon, and saw 10 of its levels.
You also visited: Bailey.

You collected 602 gold pieces.
You spent 337 gold pieces at shops.

Inventory:

Armour
 a - a +1 animal skin
 y - a +0 cloak of magic resistance (worn)
Jewellery
 p - an amulet of resist corrosion (around neck)
 q - a +4 ring of protection (left claw)
 s - a ring of poison resistance (right claw)
 F - an uncursed ring of stealth
 J - an uncursed ring of flight {unknown}
Scrolls
 e - 2 scrolls of fear
 f - 7 scrolls of identify
 g - 9 scrolls of teleportation
 h - a scroll of magic mapping
 i - 7 scrolls of remove curse
 k - 2 scrolls of recharging {unknown}
 r - a scroll of enchant armour
 u - a scroll of amnesia {unknown}
 z - a scroll of blinking
 A - 3 scrolls of enchant weapon
 D - 2 scrolls of immolation {unknown}
Potions
 c - a potion of experience {unknown}
 d - 7 potions of curing {unknown}
 l - 2 potions of cancellation {unknown}
 m - a potion of berserk rage {unknown}
 o - a potion of brilliance {unknown}
 v - 3 potions of might {unknown}
 x - a potion of beneficial mutation {unknown}
 B - a potion of ambrosia {unknown}
 C - 3 potions of magic {unknown}
 E - a potion of lignification {unknown}
 H - a potion of resistance {unknown}
 I - 2 potions of poison {unknown}
Books
 n - a book of Callings

   Spells                             Type                      Level
   a - Summon Small Mammal            Summoning                    1
   b - Call Imp                       Summoning                    2
   c - Call Canine Familiar           Summoning                    3
   d - Summon Guardian Golem          Hexes/Summoning              3
   e - Summon Lightning Spire         Summoning/Air                4
   f - Summon Ice Beast               Ice/Summoning                4
   Trog disapproves of the use of such an item.
 t - a book of the Earth

   Spells                             Type                      Level
   a - Leda's Liquefaction            Hexes/Earth                  4
   b - Bolt of Magma                  Conjuration/Fire/Earth       5
   c - Statue Form                    Transmutation/Earth          6
   d - Iron Shot                      Conjuration/Earth            6
   e - Shatter                        Earth                        9
   Trog disapproves of the use of such an item.
Comestibles
 b - 5 bread rations
 j - 5 beef jerkies
 w - 9 meat rations
 G - 7 fruits
 K - a royal jelly


   Skills:
 * Level 9.5 Fighting
 + Level 5.8 Armour
 - Level 2.7 Dodging
 * Level 11.0 Unarmed Combat


You had 9 spell levels left.
You didn't know any spells.

Dungeon Overview and Level Annotations

Branches:
Dungeon (10/15)            Temple (0/1) D:6            Lair (0/8) D:10
    Orc: D:9-12

Altars:
Ashenzari
Fedhas
Qazlal
Trog
Vehumet
Xom
Yredelemnul
The Shining One

Shops:
D:4 }   D:7 (   D:9 ?}

Annotations:
D:7 exclusion: statue


Innate Abilities, Weirdness & Mutations

You are too large for most types of armour.
You have claws for hands.
Your metabolism is lightning-fast.
You like to eat raw meat.
You heal very quickly.
You are covered in fur (AC +1).
You have very tough skin (AC +2).


Message History

Eat which item? (? for menu, Esc to quit)
Okay, then.
You are too berserk!
You barely miss the hound. Something hits you but does no damage.
The centaur wields a shortbow.
The centaur shoots an arrow.
The arrow closely misses you. The hound barely misses you.
You mangle the hound!!
You feel the power of Trog in you as your rage grows.
You kill the hound!
Trog accepts your kill.
The centaur shoots an arrow.
The arrow hits you!
* * * LOW HITPOINT WARNING * * *
The crimson imp blinks!
You claw something! Something hits you but does no damage. Something hits you.
* * * LOW HITPOINT WARNING * * *
You barely miss something. Something hits you.
* * * LOW HITPOINT WARNING * * *
You closely miss something. Something hits you!
You die...

##....##...≈§≈≈≈≈
#.....#....§§§.≈≈
#.....#.§.§§§§≈≈≈
+.....#...≈≈..≈≈≈
#.....#...≈§§§≈≈.
#.....#....§≈≈≈..
#...###<.§§.§...
...##.†(###....#####
.......(@...5..#
...?...........#
...............#
...########...## ..
##### .


You could see a crimson imp.

Vanquished Creatures
  An orc warlord (Bailey)
  The ghost of F1L1N the Nimble, a novice TrBe of Trog (D:9)
  Maurice (D:9)
  A fire drake (D:10)
  A troll (D:9)
  2 deep elf magi (D:9)
  The ghost of bl4d3 the Skirmisher, an amateur HOAK of Lugonu (D:4)
  A hungry ghost (D:7)
  3 hippogriffs
  A water moccasin (D:9)
  4 orc warriors
  2 necrophages
  A phantom (D:6)
  A sky beast (D:5)
  5 ogres
  2 ice beasts
  A centaur (D:8)
  7 giant frogs
  2 gnoll sergeants
  2 big kobolds
  2 scorpions
  4 wights (D:9)
  A jelly (D:8)
  9 crimson imps
  8 hounds
  A centaur zombie (D:6)
  A gnoll shaman (D:7)
  2 orc priests (D:5)
  An orc wizard (D:6)
  3 giant frog skeletons
  4 iguanas
  4 worker ants
  A killer bee zombie (D:6)
  A hound skeleton (D:6)
  2 hound zombies (D:7)
  A worker ant zombie (D:8)
  5 adders
  14 gnolls
  A shadow imp (D:7)
  2 oozes
  An adder zombie (D:7)
  A worm (D:6)
  A giant gecko (D:2)
  12 orcs
  A giant cockroach (D:6)
  14 hobgoblins
  19 kobolds
  4 quokkas
  4 bats
  3 giant newts
  11 goblins
  6 jackals (D:3)
  A jackal skeleton (D:4)
  A jackal zombie (D:5)
  A quokka skeleton (D:4)
  A quokka zombie (D:5)
  2 rats
  A spectral orc (D:6)
191 creatures vanquished.

Vanquished Creatures (collateral kills)
  A goblin (Bailey)
1 creature vanquished.

Grand Total: 192 creatures vanquished

Notes
Turn   | Place    | Note
--------------------------------------------------------------
     0 | D:1      | MrTails the Troll Berserker began the quest for the Orb.
     0 | D:1      | Reached XP level 1. HP: 22/22 MP: 0/0
     6 | D:1      | Noticed a water moccasin
     6 | D:1      | Noticed a worker ant
     6 | D:1      | Noticed a black bear
     7 | D:1      | Noticed a hog
     7 | D:1      | Noticed a wyvern
    85 | D:1      | Reached XP level 2. HP: 29/29 MP: 1/1
   773 | D:2      | Found a bloodstained altar of Trog.
  1079 | D:2      | Reached XP level 3. HP: 27/36 MP: 2/2
  1661 | D:3      | Reached ** piety under Trog
  1694 | D:3      | Reached XP level 4. HP: 45/45 MP: 3/3
  1751 | D:3      | Reached skill level 4 in Unarmed Combat
  1846 | D:3      | Found a stormy altar of Qazlal.
  2138 | D:3      | Found a shimmering altar of Xom.
  2142 | D:3      | Reached skill level 1 in Armour
  2202 | D:3      | Reached XP level 5. HP: 53/53 MP: 4/4
  2424 | D:4      | Noticed bl4d3's ghost (amateur HOAK)
  2464 | D:4      | Killed bl4d3's ghost
  2464 | D:4      | Reached skill level 5 in Unarmed Combat
  2464 | D:4      | Reached XP level 6. HP: 20/62 MP: 5/5
  2581 | D:4      | Found Pemohup's Gadget Emporium.
  2818 | D:4      | Found a shattered altar of Ashenzari.
  2819 | D:4      | Found a glowing golden altar of the Shining One.
  2900 | D:4      | Reached XP level 7. HP: 71/71 MP: 6/6
  3074 | D:5      | Entered Level 5 of the Dungeon
  3183 | D:5      | Reached skill level 6 in Unarmed Combat
  3187 | D:5      | Reached skill level 5 in Fighting
  3299 | D:5      | Reached XP level 8. HP: 80/80 MP: 7/7
  3379 | D:5      | Reached *** piety under Trog
  3379 | D:5      | Reached skill level 7 in Unarmed Combat
  3440 | D:5      | You fall through a shaft!
  3470 | D:6      | Found a basalt altar of Yredelemnul.
  3806 | D:6      | Found a staircase to the Ecumenical Temple.
  3832 | D:6      | Found a blossoming altar of Fedhas.
  3912 | D:6      | Reached skill level 8 in Unarmed Combat
  4114 | D:6      | Reached XP level 9. HP: 91/91 MP: 8/8
  4593 | D:7      | Found Vojar's Weapon Shoppe.
  4689 | D:7      | Got a steaming war axe
  4690 | D:7      | Identified the +6 war axe of the Bear {freeze, +Rage rN+ SInv Stlth+} (You found it on level 7 of the Dungeon)
  4756 | D:7      | Found a radiant altar of Vehumet.
  5250 | D:8      | Reached skill level 9 in Unarmed Combat
  5351 | D:8      | Reached **** piety under Trog
  5430 | D:8      | Found a flagged portal.
  5441 | Bailey   | Entered a bailey
  5446 | Bailey   | Noticed an orc warlord
  5551 | Bailey   | Found a runed gate.
  5551 | Bailey   | Found a runed gate.
  5551 | Bailey   | Found a runed gate.
  5703 | Bailey   | Killed an orc warlord
  5703 | Bailey   | Reached skill level 5 in Armour
  5703 | Bailey   | Reached XP level 10. HP: 73/105 MP: 9/9
  5869 | D:8      | Reached skill level 10 in Unarmed Combat
  6630 | D:9      | Noticed F1L1N's ghost (novice TrBe)
  6645 | D:9      | HP: 3/105 [quokka (5)]
  6809 | D:9      | Killed F1L1N's ghost
  7076 | D:9      | Noticed Maurice
  7090 | D:9      | Killed Maurice
  7592 | D:9      | Found Ammeampi's Gadget Shop.
  7786 | D:9      | Found Fysev's Magic Scroll Shoppe.
  7794 | D:9      | Bought a scroll of teleportation for 45 gold pieces
  7794 | D:9      | Bought 3 scrolls of remove curse for 135 gold pieces
  7794 | D:9      | Bought a scroll of teleportation for 45 gold pieces
  7794 | D:9      | Bought a scroll of enchant weapon for 112 gold pieces
  7954 | D:10     | Entered Level 10 of the Dungeon
  7954 | D:10     | Found a staircase to the Lair.
  7970 | D:10     | Reached skill level 11 in Unarmed Combat
  7976 | D:10     | Slain by an unseen horror

Action                   |  1- 3 |  4- 6 |  7- 9 | 10-12 || total
-------------------------+-------+-------+-------+-------++-------
Melee: Unarmed           |    84 |    99 |   318 |   163 ||   664
Invok: Berserk           |       |       |     3 |     4 ||     7
       Burn Spellbooks   |       |       |     1 |     1 ||     2
       Brothers in Arms  |       |       |     1 |       ||     1
       Trog's Hand       |       |       |       |     1 ||     1
  Use: Scroll            |       |       |     8 |       ||     8
 Stab: Sleeping          |       |     1 |       |       ||     1
  Eat: Fruit             |     3 |       |    10 |     7 ||    20
       Chunk             |    14 |     4 |    28 |    12 ||    58
       Bread ration      |     1 |       |       |       ||     1
       Royal jelly       |       |       |       |     1 ||     1
